 Dungeon Crawl Stone Soup version 0.32-a0-666-ge8a88695a4 (webtiles) character file.

Game seed: 15656013600990702983

20 seaoflcl the Shield-Bearer (level 2, -4/24 HPs)
             Began as a Human Fighter on Mar 9, 2024.
             Slain by Terence
             ... wielding a +1 mace of holy wrath
              (6 damage)
             ... on level 2 of the Dungeon.
             The game lasted 00:00:47 (1304 turns).

seaoflcl the Shield-Bearer (Human Fighter)          Turns: 1304, Time: 00:00:49

Health: -4/24      AC:  6    Str: 16    XL:     2   Next: 79%
Magic:  2/2        EV:  8    Int:  8    God:
Gold:   41         SH:  4    Dex: 12    Spells: 1/1 levels left

rFire   . . .        a - +0 long sword
rCold   . . .        c - +0 buckler
rNeg    . . .        b - +0 scale mail
rPois   .            (no helmet)
rElec   .            (no cloak)
rCorr   .            (no gloves)
SInv    .            (no boots)
Will    .....        (no amulet) Stlth
                     (no ring)
HPRegen 0.24/turn    (no ring)
MPRegen 0.08/turn

%: no passive effects
@: mighty
A: explore regen
a: no special abilities


You were on level 2 of the Dungeon.
You visited 1 branch of the dungeon, and saw 2 of its levels.

You collected 41 gold pieces.

Inventory:

Hand Weapons
 a - a +0 long sword (weapon)
Armour
 b - a +0 scale mail (worn)
 c - a +0 buckler (worn)
Scrolls
 e - a scroll of identify {unknown}
 g - a scroll of poison {unknown}
Potions
 f - a potion of curing {unknown}


   Skills:
 + Level 3.2 Fighting
 + Level 2.2 Long Blades
 + Level 3.2 Armour
 + Level 3.3 Shields


You had one spell level left.
You didn't know any spells.
Your spell library was empty.

Dungeon Overview and Level Annotations

Branches:
Dungeon (2/15)

Altars:

Annotations:
D:2 Terence


Innate Abilities, Weirdness & Mutations

You regain HP and MP as you explore.


Message History

Done waiting.
You see here a ball python corpse.
Terence the Incautious comes into view.
He is wielding a +1 mace of holy wrath and carrying a wand of flame.
Terence shouts!
Terence zaps a wand.
The puff of flame hits you.
Terence is nearby!
Terence is nearby!
Found a stone staircase leading up.
Terence zaps a wand.
The puff of flame hits you!
You hit Terence but do no damage.
An endoplasm comes into view.
You block Terence's attack.
The endoplasm quivers.
You hit Terence.
Terence is lightly wounded.
Terence hits you with a +1 mace of holy wrath.
Terence says, "How do you enjoy it?"
Terence hits you with a +1 mace of holy wrath.
* * * LOW HITPOINT WARNING * * *
You feel very mighty all of a sudden.
Terence zaps a wand.
The puff of flame hits you but does no damage.
You closely miss Terence.
Terence is lightly wounded.
You block Terence's attack.
You closely miss Terence.
Terence is lightly wounded.
The endoplasm freezes you.
You are frozen.
* * * LOW HITPOINT WARNING * * *
Terence hits you but does no damage.
You slash Terence!
Terence is almost dead.
The endoplasm barely misses you. You block Terence's attack.
The endoplasm freezes you.
You are frozen.
* * * LOW HITPOINT WARNING * * *
Terence hits you with a +1 mace of holy wrath.
You die...
Terence says, "That felt goooood."

####
########.<#
........†.#
#########.#
##.# #..#
#@## #J@#
#... ...##
#.#.# #....
<....
...###


You could see Terence and an endoplasm.

Vanquished Creatures
  3 ball pythons
  2 bats (D:1)
  3 endoplasms (D:1)
  3 goblins (D:1)
  2 hobgoblins (D:1)
  A quokka (D:1)
  2 rats (D:1)
16 creatures vanquished.

Notes
Turn   | Place    | Note
-------+----------+-------------------------------------------
     0 | D:1      | seaoflcl the Human Fighter began the quest for the Orb.
     0 | D:1      | Reached XP level 1. HP: 18/18 MP: 1/1
   493 | D:1      | Reached XP level 2. HP: 23/24 MP: 2/2
  1295 | D:2      | Noticed Terence
  1304 | D:2      | Slain by Terence

Illustrated notes

Levels and vault maps discovered:
D:1:      dpeg_arrival_arbitrary_a, layout_basic
D:2:      layout_rooms, uniq_natasha, uniq_terence

Action                     || total
---------------------------++-------
  Melee: Long sword        ||    47
    Use: Potion            ||     1
 Armour: Scale mail        ||    36
  Dodge: Dodged            ||    14
  Block: Buckler           ||    10

Table legend: (Time is in decaauts)
 A = Elapsed time spent in this place.
 B = Non-inter-level travel time spent in this place.
 C = Inter-level travel time spent in this place.
 D = Time resting spent in this place.
 E = Time spent auto-exploring this place.
 F = Levels seen in this place.
 G = Mean time per level.
                   A        B        C        D        E       F      G
               +--------+--------+--------+--------+--------+-----+--------+
         Total |   1319 |   1298 |     21 |    291 |    879 |   2 |  659.5 |
       Dungeon |   1319 |   1298 |     21 |    291 |    879 |   2 |  659.5 |
               +--------+--------+--------+--------+--------+-----+--------+

Top non-repeatable levels by time:
     D:1: 1204 daAuts
     D:2: 115 daAuts
